 Dungeon Crawl Stone Soup version 0.27-a0-124-g19cb506db8 (webtiles) character file.

Game seed: 2611561707045871372

340 lunkers the Skirmisher (level 6, 0/57 HPs)
             Began as a Hill Orc Hunter on Jan 25, 2021.
             Slain by an orc wizard
             ... wielding a +0 dagger
              (4 damage)
             ... on level 4 of the Dungeon.
             The game lasted 00:05:35 (4960 turns).

lunkers the Skirmisher (Hill Orc Hunter)            Turns: 4960, Time: 00:05:36

Health: 0/57       AC:  8    Str: 14 (17) XL:     6   Next: 56%
Magic:  6/6        EV: 10    Int:  8 (11) God:
Gold:   167        SH:  0    Dex:  8 (11) Spells: 5/5 levels left

rFire    . . .     SeeInvis .   r - +0 hand axe
rCold    . . .     Faith    .   (no shield)
rNeg     . . .     Spirit   .   k - +0 ring mail
rPois    .         Reflect  .   t - +1 helmet
rElec    .         Harm     .   (no cloak)
rCorr    .         Rampage  .   (no gloves)
Will     .....                  v - +0 pair of boots
Stlth    +.........             (no amulet)
HPRegen  0.19/turn              (no ring)
MPRegen  0.10/turn              (no ring)

@: no status effects
A: no striking features
a: no special abilities


You were on level 4 of the Dungeon.
You visited 1 branch of the dungeon, and saw 4 of its levels.

You collected 167 gold pieces.

Inventory:

Hand Weapons
 a - a +0 short sword
 r - a +0 hand axe (weapon)
Missiles
 c - 6 javelins
 d - 2 throwing nets {=f}
 e - 187 stones (quivered)
 u - 10 poisoned darts
Armour
 b - a +0 leather armour
 k - a +0 ring mail (worn)
 t - a +1 helmet (worn)
 v - a +0 pair of boots (worn)
Jewellery
 n - an uncursed ring of wizardry {unknown}
Wands
 s - a wand of random effects (14)
 x - a wand of acid (13)
Scrolls
 f - 2 scrolls of teleportation {unknown}
 h - 2 scrolls of magic mapping {unknown}
 i - a scroll of remove curse {unknown}
 l - a scroll of enchant weapon {unknown}
 m - 4 scrolls of identify {unknown}
 q - a scroll of fog {unknown}
 y - a scroll of amnesia {unknown}
Potions
 g - 2 potions of brilliance {unknown}
 j - 2 potions of degeneration
 o - a potion of curing
 p - a potion of lignification {unknown}
 w - a potion of heal wounds {unknown}


   Skills:
 + Level 6.0 Fighting
 + Level 5.5 Throwing
 - Level 1.5 Dodging
 - Level 0.7 Stealth


You had 5 spell levels left.
You didn't know any spells.
Your spell library was empty.

Dungeon Overview and Level Annotations

Branches:
Dungeon (4/15)             Temple (0/1) D:4

Altars:


Message History

The adder is almost dead.
You closely miss the orc wizard. The adder bites you but does no damage.
The orc wizard hits you but does no damage.
Unknown command.
You miss the adder.
The adder is almost dead.
You closely miss something.
You hit the orc wizard but do no damage.
The adder barely misses you.
The orc wizard gestures at you while chanting.
The magic dart hits you!
* * * LOW HITPOINT WARNING * * *
Something hits you but does no damage. The adder bites you but does no damage.
The orc wizard barely misses you. Something hits you but does no damage.
Unknown command.
You hit the adder.
You kill the adder!
You closely miss the orc wizard. You closely miss something.
The orc wizard hits you with a +0 dagger.
You die...

......#...#...#...# ..
.#.......###......#..(.#
........#.#.#....##.....
..........#.......#.....
..........#.............
.#..#..................
#####..................
#...........†{#
####..##....@o#
####.......# #...##..#
#...#..## #......#
##...... ##....# #....#
#...#


You could see an orc wizard (fast).

Vanquished Creatures
  An orc priest (D:3)
  5 orc wizards
  Robin (D:2)
  7 adders
  2 dart slugs (D:1)
  9 orcs
  8 bats
  3 giant cockroaches
  20 goblins
  11 hobgoblins
  9 jackals
  3 kobolds (D:2)
  A quokka (D:3)
  5 frilled lizards
  A quokka skeleton (D:4)
  2 rats
88 creatures vanquished.

Notes
Turn   | Place    | Note
-------+----------+-------------------------------------------
     0 | D:1      | lunkers the Hill Orc Hunter began the quest for the Orb.
     0 | D:1      | Reached XP level 1. HP: 18/18 MP: 1/1
   336 | D:1      | Reached XP level 2. HP: 25/25 MP: 2/2
   343 | D:1      | Reached skill level 3 in Fighting
  1351 | D:2      | Reached XP level 3. HP: 22/31 MP: 3/3
  1535 | D:2      | Noticed Robin
  1586 | D:2      | Killed Robin
  1778 | D:2      | Reached skill level 4 in Fighting
  1778 | D:2      | Reached XP level 4. HP: 40/40 MP: 4/4
  2483 | D:3      | Reached XP level 5. HP: 20/47 MP: 5/5
  2908 | D:3      | Reached skill level 5 in Fighting
  3208 | D:3      | Reached skill level 5 in Throwing
  4016 | D:3      | Reached XP level 6. HP: 11/56 MP: 6/6
  4913 | D:4      | Found a staircase to the Ecumenical Temple.
  4933 | D:4      | Reached skill level 6 in Fighting
  4960 | D:4      | Slain by an orc wizard

Illustrated notes

Levels and vault maps discovered:
D:1:      minmay_arrival_four_circles, layout_basic
D:2:      layout_rooms, uniq_robin
D:3:      layout_loops_ring
D:4:      layout_cave_pools, minmay_temple_entry_arrows, hangedman_decor_points,
          minmay_manual_moon, uniq_blork_the_orc

Skill      XL: |  1  2  3  4  5  6 |
---------------+-------------------+-----
Fighting       | 3 4 5 6 |  6.0
Throwing       | 4 5 |  5.5
Dodging        | |  1.5
Stealth        | |  0.7

Action                   |  1- 3 |  4- 6 || total
-------------------------+-------+-------++-------
Melee: Short sword       |    52 |       ||    52
       Hand axe          |    28 |   268 ||   296
Throw: Stone             |    63 |   116 ||   179
Evoke: Wand              |       |     1 ||     1
  Use: Potion            |       |     3 ||     3
Armor: Leather armour    |     9 |       ||     9
       Ring mail         |    31 |   214 ||   245
Dodge: Dodged            |    60 |   271 ||   331

Table legend: (Time is in decaauts)
 A = Elapsed time spent in this place.
 B = Non-inter-level travel time spent in this place.
 C = Inter-level travel time spent in this place.
 D = Time resting spent in this place.
 E = Time spent auto-exploring this place.
 F = Levels seen in this place.
 G = Mean time per level.
                   A        B        C        D        E       F      G
               +--------+--------+--------+--------+--------+-----+--------+
         Total |   5068 |   5011 |     57 |    933 |   3181 |   4 | 1267.0 |
       Dungeon |   5068 |   5011 |     57 |    933 |   3181 |   4 | 1267.0 |
               +--------+--------+--------+--------+--------+-----+--------+

Top non-repeatable levels by time:
     D:3: 1887 daAuts
     D:2: 1561 daAuts
     D:1: 1366 daAuts
     D:4: 253 daAuts
